 Dungeon Crawl Stone Soup version 0.20.1-1-g8b1a95d (webtiles) character file.

305306 greenice the Conqueror (level 20, -2/216 HPs)
             Began as a Minotaur Fighter on July 28, 2017.
             Was the Champion of Okawaru.
             Killed from afar by an ogre mage (40 damage)
             ... with a crystal spear
             ... on level 3 of the Depths on Aug 1, 2017.
             The game lasted 03:16:09 (45979 turns).

greenice the Conqueror (Minotaur Fighter)          Turns: 45979, Time: 03:16:10

Health: -2/216     AC: 37    Str: 23    XL:     20   Next: 28%
Magic:  0/24       EV:  6    Int:  5    God:    Okawaru [******]
Gold:   1983       SH: 22    Dex: 24    Spells: 19/19 levels left

rFire    . . .     SeeInvis +   m - +8 scimitar "Jikkoqyl" {protect, rPois}
rCold    . . .     Gourm    .   Q - +0 large shield {reflect}
rNeg     + . .     Faith    .   s - +8 plate armour of the Evil One {Regen+ Stlth+}
rPois    +         Spirit   +   M - +2 hat {MR+}
rElec    .         Reflect  +   u - +4 cloak of Shielding {rN+ rCorr}
rCorr    +         Harm     .   J - +0 pair of gloves {Dex+3}
MR       +++++                  x - +0 pair of boots {Fly}
Stlth    ..........             f - amulet of guardian spirit
Regen    0.9/turn               a - ring of see invisible
MPRegen  0.2/turn               n - ring of Patufisk {+Fly MR+++ Dex+4 Stlth-}

@: flying, hasted, very quick
A: retaliatory headbutt, horns 2
}: 2/15 runes: decaying, serpentine
a: Heroism, Finesse, Renounce Religion, Stop Flying


You were on level 3 of the Depths.
You worshipped Okawaru.
Okawaru was exalted by your worship.
You were not hungry.

You visited 7 branches of the dungeon, and saw 35 of its levels.

You collected 3838 gold pieces.
You spent 1855 gold pieces at shops.

Inventory:

Hand Weapons
 m - the +8 scimitar "Jikkoqyl" (weapon) {protect, rPois}
   (Okawaru gifted it to you on level 10 of the Dungeon)

   It protects the one who uses it against injury (+AC on strike).
   It protects you from poison.
 p - a +2 war axe of distortion
 K - a +1 triple sword of venom
 L - a +0 blowgun
Missiles
 y - 20 curare-tipped needles (quivered)
Armour
 j - a scarf of repulsion
 r - a scarf of cloud immunity
 s - the +8 plate armour of the Evil One (worn) {Regen+ Stlth+}
   (Okawaru gifted it to you on level 2 of the Orcish Mines)

   It increases your rate of regeneration.
   It makes you more stealthy.
 t - a scarf of resistance
 u - the +4 cloak of Shielding (worn) {rN+ rCorr}
   (Okawaru gifted it to you on level 2 of the Orcish Mines)

   It protects you from negative energy.
   It protects you from acid and corrosion.
 x - a +0 pair of boots of flying (worn)
 J - a +0 pair of gloves of dexterity (worn)
 M - a +2 hat of magic resistance (worn)
 Q - a +0 large shield of reflection (worn)
 S - a +2 shield of positive energy
Jewellery
 a - a ring of see invisible (left hand)
 f - an amulet of guardian spirit (around neck)
 k - a +4 ring of slaying
 n - the ring of Patufisk (right hand) {+Fly MR+++ Dex+4 Stlth-}
   (You bought it in a shop on level 12 of the Dungeon)

   [ring of flight]

   It affects your dexterity (+4).
   It affects your resistance to hostile enchantments.
   It lets you fly.
   It makes you less stealthy.
 O - an uncursed ring of protection from magic {unknown}
Wands
 d - a wand of iceblast (8/15)
 w - a wand of digging (17/24)
 B - a wand of flame (9/48)
 D - a wand of digging (13/24)
Scrolls
 b - 9 scrolls of remove curse
 e - 6 scrolls of fear
 g - 6 scrolls of magic mapping
 h - 9 scrolls of enchant weapon
 i - 11 scrolls of teleportation
 o - 6 scrolls of identify
 q - a scroll of silence
 E - 3 scrolls of blinking
 I - a scroll of brand weapon
 N - a scroll of summoning
 V - 2 scrolls of fog
Potions
 c - 2 potions of might
 l - a potion of invisibility
 v - 2 potions of agility
 A - 2 potions of berserk rage
 G - 12 potions of curing
 H - 2 potions of cancellation
 P - a potion of haste
 W - 2 potions of heal wounds
Comestibles
 z - 15 meat rations
 C - a bread ration
 F - 20 fruits
 R - 7 chunks of flesh


   Skills:
 O Level 27 Fighting
 - Level 17.7 Long Blades
 + Level 9.5 Throwing
 - Level 17.0 Armour
 - Level 15.6 Shields
 - Level 7.0 Evocations


You had 19 spell levels left.
You didn't know any spells.

Dungeon Overview and Level Annotations

Branches:
Dungeon (15/15)            Temple (1/1) D:4            Lair (6/6) D:10
  Swamp (4/4) Lair:4        Snake (4/4) Lair:4        Slime (0/5) Lair:5
    Orc (2/2) D:10            Elf (0/3) Orc:2        Vaults (0/5) D:13
 Depths (3/5) D:15

Altars:
Ashenzari
Cheibriados
Dithmenos
Elyvilon
Fedhas
Gozag
Hepliaklqana
Kikubaaqudgha
Makhleb
Nemelex Xobeh
Okawaru
Qazlal
Ru
Sif Muna
Trog
Uskayaw
Vehumet
Xom
Yredelemnul
Zin
The Shining One
Beogh
Jiyva

Shops:
D:6 *   D:12 =   Orc:1 =   Orc:2 :?(=   Snake:4 (   Depths:1 (

Portals:
Hell: Depths:1 Depths:2
Ziggurat: Depths:2

Annotations:
Lair:1 Goto D10
Lair:4 exclusion: oklob plant
Depths:2 exclusion: 2 orange crystal statues


Innate Abilities, Weirdness & Mutations

You reflexively headbutt those who attack you in melee.
You have a pair of horns on your head.


Message History

There is an open door here.
The soul eater draws from the surrounding life force!
* * * LOW HITPOINT WARNING * * *
The soul eater is healed.
A two-headed ogre comes into view. It is wielding two giant spiked clubs.
An ogre comes into view. It is wielding a giant club.
The ogre shouts!
Found a bread ration.
An ogre mage comes into view. It is wielding a whip.
A two-headed ogre comes into view. It is wielding two giant clubs.
The ogre mage shouts!
The two-headed ogre shouts in stereo!
The two-headed ogre moves out of view.
The ogre mage moves out of view.
You block the ogre mage's attack. The ogre mage hits you with a whip.
* * * LOW HITPOINT WARNING * * *
You block the two-headed ogre's attack. x2
The ogre mage gestures at you while chanting.
The crystal spear hits you!
You die...

#............# #....#
#............# #####....###
#........##### #..........#
##)#.#...... #...O......#
##.#.#....... #..........#
##.#.#.......####..O.......#
##.#)#............O.########
####.#............O.# .....#
........@%..# .....#
##.........#
.....######.........#
.......................
###)..........######..#
#...........# ..#
#...........# #.##
#...........#####..#
#...............#.#


You could see 2 two-headed ogres, an ogre mage and an ogre.

Vanquished Creatures
  Sojobo (Depths:3)
  Xtahua (Depths:3)
  Jory (Depths:3)
  A Tzitzimitl (Depths:2)
  3 thorn hunters (Swamp:4)
  8 nagarajas
  3 tengu reavers
  2 fire giants (Depths:2)
  A frost giant (Depths:3)
  2 orc warlords (Orc:2)
  5 very ugly things (Depths:1)
  The ghost of Shiggs the Severer, a journeyman DrFi of Ashenzari (Lair:5)
  Louise (Snake:3)
  2 entropy weavers (Lair:6)
  3 stone giants
  2 vampire knights
  Nessos (D:13)
  A merfolk javelineer (Depths:1)
  9 ettins
  3 fire dragons
  A great orb of eyes (Depths:2)
  Snorg (D:13)
  2 yaktaur captains
  Fannar (D:10)
  20 naga warriors
  4 ice dragons
  A spriggan air mage (Depths:1)
  3 rakshasas
  2 centaur warriors
  25 hydras
  9 alligators
  2 ghost crabs
  3 merfolk avatars (Swamp:3)
  8 anacondas
  A queen ant (Lair:6)
  The ghost of dmj the Cleaver, a novice MiFi of Gozag (Orc:1)
  24 two-headed ogres
  3 dancing weapons (Depths:2)
  2 tengu warriors (D:13)
  3 deep troll shamans
  6 ogre magi
  2 deep troll earth magi (Depths:3)
  2 death knights (D:14)
  2 death yaks
  4 orc high priests (Orc:2)
  Urug (D:14)
  22 naga sharpshooters
  4 shock serpents
  6 hell knights (Depths:2)
  2 soul eaters (Depths:2)
  8 salamander mystics
  2 skeletal warriors (Depths:2)
  A death drake (Depths:2)
  An iron troll (Depths:2)
  A shadow wraith (Depths:1)
  5 glowing orange brains
  4 deep trolls
  2 spriggan druids
  12 swamp dragons
  A spectral hydra (Depths:2)
  An unseen horror (D:14)
  4 flayed ghosts (Depths:2)
  7 phantasmal warriors
  3 necromancers (Depths:2)
  9 naga ritualists
  A shambling mangrove (Lair:4)
  A wolf spider zombie (D:15)
  11 mana vipers
  19 ugly things
  2 wolf spiders (Lair:6)
  4 orc knights
  7 deep elf magi
  9 salamanders
  4 orc sorcerers
  2 cyclopes
  3 manticores
  40 black mambas
  Joseph (D:7)
  6 guardian serpents
  21 naga magi
  3 gargoyles
  A torpor snail (Lair:4)
  22 spiny frogs
  A freezing wraith (D:15)
  3 rime drakes
  2 efreet
  3 kobold demonologists
  A komodo dragon (shapeshifter) (D:13)
  5 tengu conjurers
  8 komodo dragons
  10 yaktaurs
  2 spectral merfolk (Depths:2)
  A red devil (Depths:1)
  16 polar bears
  3 meliai (D:13)
  15 trolls
  6 bog bodies
  8 hornets
  5 tyrant leeches
  35 blink frogs
  11 wind drakes (D:13)
  Grinder (D:6)
  3 raiju (Lair:6)
  23 slime creatures
  2 spriggan zombies (Depths:2)
  A dream sheep (Lair:6)
  11 hippogriffs
  Prince Ribbit (D:6)
  A meliai zombie (D:13)
  7 air elementals (D:13)
  7 shadows
  2 centaur simulacra
  2 spriggans (Swamp:4)
  3 water elementals (Depths:2)
  9 redbacks
  11 wraiths
  Sigmund (D:5)
  2 vampires (Depths:2)
  A yak (shapeshifter) (D:13)
  20 yaks
  12 wyverns
  3 basilisks
  A human (D:10)
  3 hungry ghosts
  17 vampire mosquitoes
  An elf simulacrum (Depths:2)
  14 wargs
  An acid dragon (D:14)
  A human zombie (Depths:2)
  54 nagas
  5 soldier ants (Lair:6)
  9 swamp worms
  33 insubstantial wisps
  18 water moccasins
  An ice beast (D:10)
  Duvessa (D:4)
  3 spectral trolls (Depths:2)
  6 porcupines
  2 spectral spriggans (Depths:2)
  11 swamp drakes
  A floating eye (Depths:2)
  17 hell hounds
  2 hydra simulacra (Depths:2)
  54 orc warriors
  3 snapping turtle zombies (Depths:2)
  5 sky beasts
  12 black bears
  7 boggarts
  32 ogres
  39 wolves
  A necrophage (D:10)
  2 phantoms
  8 centaurs
  A centaur (shapeshifter) (Depths:1)
  12 crocodiles
  4 big kobolds
  The ghost of Mesmaeker13 the Digger, an amateur GrEE (D:3)
  17 bullfrogs
  A gnoll sergeant (D:10)
  Dowan (D:4)
  3 scorpions
  3 killer bees (D:11)
  3 spectral nagas (Depths:2)
  3 spectral ogres (Depths:2)
  6 howler monkeys
  27 wights
  11 crimson imps
  5 electric eels
  A spectral centaur (Depths:2)
  3 bullfrog zombies
  6 centaur zombies
  A lava snake (D:14)
  13 hounds
  5 jellies
  3 bullfrog skeletons
  30 orc priests
  Crazy Yiuf (D:5)
  3 centaur skeletons
  19 orc wizards
  Terence (D:1)
  5 iguanas
  5 hell rats (Lair:6)
  18 worker ants
  A hound skeleton (D:6)
  4 gnolls
  14 adders
  A naga simulacrum (Depths:2)
  5 shadow imps
  2 oozes
  2 worms (D:2)
  A dart slug (D:2)
  4 leopard geckos
  125 orcs
  6 giant cockroaches
  9 goblins
  5 hobgoblins
  12 jackals
  22 kobolds
  4 quokkas
  3 bats
  3 frilled lizards
  A leopard gecko skeleton (D:7)
  A quokka skeleton (D:7)
  2 quokka zombies
  8 rats
  4 briar patches (Swamp:4)
  A fungus (Lair:4)
  A plant (Lair:2)
1511 creatures vanquished.

Vanquished Creatures (others)
  Nikola (Depths:3)
  A naga warrior (Snake:3)
  2 naga sharpshooters
  A salamander (Snake:1)
  2 wyverns (Lair:6)
  A swamp drake (Swamp:3)
  A wolf (Depths:2)
  An adder zombie (D:6)
  15 ball lightnings (D:13)
  4 orcs
  A quokka (D:6)
  A briar patch (Swamp:4)
  A bush (D:4)
  20 fungi
  63 plants
115 creatures vanquished.

Grand Total: 1626 creatures vanquished

Notes
Turn   | Place    | Note
-------+----------+-------------------------------------------
     0 | D:1      | greenice the Minotaur Fighter began the quest for the Orb.
     0 | D:1      | Reached XP level 1. HP: 19/19 MP: 0/0
   177 | D:1      | Reached XP level 2. HP: 26/26 MP: 1/1
   469 | D:2      | Noticed Terence
   503 | D:1      | HP: 1/26 [Terence/flail (5)]
   504 | D:1      | Killed Terence
   504 | D:1      | Reached XP level 3. HP: 1/31 MP: 2/2
   848 | D:2      | Reached skill level 5 in Long Blades
  1086 | D:2      | Reached XP level 4. HP: 39/39 MP: 3/3
  1543 | D:3      | Found a shattered altar of Ashenzari.
  1543 | D:3      | Found a sacrificial altar of Ru.
  1554 | D:3      | Found a faded altar of an unknown god.
  1622 | D:3      | Noticed Mesmaeker13's ghost (amateur GrEE)
  1657 | D:3      | Killed Mesmaeker13's ghost
  1657 | D:3      | Reached XP level 5. HP: 9/45 MP: 4/4
  2134 | D:3      | Found a radiant altar of Vehumet.
  2142 | D:3      | Found an ancient bone altar of Kikubaaqudgha.
  2143 | D:3      | Found a deep blue altar of Sif Muna.
  2148 | D:3      | Identified Kikubaaqudgha's Papyrus of Stolen Souls
  2322 | D:4      | Noticed Duvessa
  2322 | D:4      | Noticed Dowan
  2515 | D:4      | Noticed a centaur
  2527 | D:4      | Killed Duvessa
  2527 | D:4      | Reached XP level 6. HP: 50/51 MP: 5/5
  2537 | D:4      | Killed Dowan
  2605 | D:4      | Found a staircase to the Ecumenical Temple.
  2620 | Temple   | Entered the Ecumenical Temple
  2734 | D:4      | Found a blossoming altar of Fedhas.
  3054 | D:4      | Reached XP level 7. HP: 57/57 MP: 6/6
  3387 | D:4      | Found an iron altar of Okawaru.
  3388 | D:4      | Found a bloodstained altar of Trog.
  3398 | D:4      | Became a worshipper of Warmaster Okawaru
  3797 | D:5      | Entered Level 5 of the Dungeon
  3825 | D:5      | Reached skill level 10 in Long Blades
  4095 | D:5      | Found an iron altar of Okawaru.
  4118 | D:5      | Noticed Sigmund
  4125 | D:5      | Killed Sigmund
  4255 | D:5      | Reached * piety under Okawaru
  4255 | D:5      | Reached XP level 8. HP: 34/64 MP: 7/7
  4460 | D:5      | Found a runed door.
  4464 | D:5      | Noticed Crazy Yiuf
  4469 | D:5      | Killed Crazy Yiuf
  4746 | D:5      | Found a shimmering altar of Xom.
  5526 | D:6      | Noticed Prince Ribbit
  5540 | D:6      | Killed Prince Ribbit
  5707 | D:6      | Noticed Grinder
  5719 | D:6      | Killed Grinder
  5971 | D:6      | Found a white marble altar of Elyvilon.
  5990 | D:6      | Found Zin's Purification Station.
  5990 | D:6      | Found a glowing silver altar of Zin.
  6038 | D:6      | Reached ** piety under Okawaru
  6069 | D:6      | Reached XP level 9. HP: 70/70 MP: 8/8
  6271 | D:6      | Found a basalt altar of Yredelemnul.
  6530 | D:7      | Found a glowing golden altar of the Shining One.
  6893 | D:7      | You fall through a shaft for 3 floors!
  6893 | D:10     | Entered Level 10 of the Dungeon
  7105 | D:9      | Reached skill level 15 in Long Blades
  7186 | D:9      | Noticed a troll
  7216 | D:8      | Noticed a manticore
  7233 | D:8      | Killed a manticore
  7233 | D:8      | Reached *** piety under Okawaru
  7783 | D:7      | Found a sacrificial altar of Ru.
  7999 | D:7      | Noticed Joseph
  8023 | D:7      | Killed Joseph
  8259 | D:8      | Noticed a two-headed ogre
  8267 | D:8      | Killed a two-headed ogre
  8267 | D:8      | Reached **** piety under Okawaru
  8267 | D:8      | Reached XP level 10. HP: 68/77 MP: 6/9
  8844 | D:8      | Noticed a brown ugly thing
  8856 | D:8      | Killed a brown ugly thing
  8856 | D:8      | Reached skill level 10 in Armour
  8899 | D:8      | Reached ***** piety under Okawaru
 10254 | D:10     | Found a staircase to the Lair.
 10409 | Lair:1   | Entered Level 1 of the Lair of Beasts
 10531 | Lair:1   | Noticed a four-headed hydra
 10779 | D:10     | Reached XP level 11. HP: 75/82 MP: 10/10
 11084 | D:10     | Found a staircase to the Orcish Mines.
 11133 | D:10     | Noticed a deep elf mage
 11142 | D:10     | Killed a deep elf mage
 11142 | D:10     | Received a gift from Okawaru
 11360 | Lair:1   | Killed a 14-headed hydra
 11987 | Lair:1   | Reached skill level 15 in Armour
 12151 | Lair:1   | Reached skill level 4 in Fighting
 12240 | Lair:1   | Reached skill level 5 in Fighting
 12731 | Lair:2   | Noticed a seven-headed hydra
 12848 | D:11     | Noticed Fannar
 12867 | D:11     | Reached skill level 6 in Fighting
 12980 | D:10     | Killed Fannar
 12980 | D:10     | Reached skill level 7 in Fighting
 13472 | D:11     | Reached skill level 8 in Fighting
 13874 | D:10     | Reached skill level 9 in Fighting
 13886 | D:11     | Reached ****** piety under Okawaru
 13886 | D:11     | Reached XP level 12. HP: 75/104 MP: 11/11
 14237 | D:11     | Reached skill level 10 in Fighting
 14474 | D:11     | Found a roughly hewn altar of Beogh.
 14576 | D:12     | Noticed an eight-headed hydra
 14613 | Orc:1    | Entered Level 1 of the Orcish Mines
 15203 | Orc:1    | Noticed an ettin
 15216 | Orc:1    | Killed an ettin
 15216 | Orc:1    | Reached skill level 11 in Fighting
 15555 | Orc:1    | Noticed dmj's ghost (novice MiFi)
 15601 | D:10     | Received a gift from Okawaru
 15607 | D:10     | Got a brightly glowing scimitar {god gift}
 15608 | D:10     | Identified the +8 scimitar "Jikkoqyl" {protect, rPois} (Okawaru gifted it to you on level 10 of the Dungeon)
 15818 | Orc:1    | Reached skill level 12 in Fighting
 15833 | Orc:1    | Killed dmj's ghost
 15958 | Orc:1    | Found Beleuq's Jewellery Emporium.
 16439 | Orc:2    | Entered Level 2 of the Orcish Mines
 16513 | Orc:2    | Noticed a two-headed ogre
 16522 | Orc:2    | Killed a two-headed ogre
 16562 | Orc:2    | Reached skill level 13 in Fighting
 16728 | Orc:2    | Noticed an orc warlord
 16750 | Orc:2    | Killed an orc warlord
 16750 | Orc:2    | Received a gift from Okawaru
 16753 | Orc:2    | Got an aquamarine-encrusted plate armour {god gift}
 16868 | Orc:2    | Identified the +8 plate armour of the Evil One {Regen+ Stlth+} (Okawaru gifted it to you on level 2 of the Orcish Mines)
 16914 | Orc:2    | Reached skill level 14 in Fighting
 17015 | Orc:2    | Noticed an orc warlord
 17230 | Orc:2    | Killed an orc warlord
 17245 | Orc:2    | Found a roughly hewn altar of Beogh.
 17266 | Orc:2    | Noticed an orc high priest
 17266 | Orc:2    | Found Cigruag's Book Emporium.
 17277 | Orc:2    | Killed an orc high priest
 17277 | Orc:2    | Reached XP level 13. HP: 98/125 MP: 10/12
 17451 | Orc:2    | Reached skill level 15 in Fighting
 17964 | Orc:2    | Found a roughly hewn altar of Beogh.
 18031 | Orc:2    | Paralysed by an orc sorcerer for 7 turns
 18139 | Orc:2    | Found Seycw's Jewellery Boutique.
 18148 | Orc:2    | Found Leanonyf's Antique Weapon Shop.
 18154 | Orc:2    | Reached skill level 16 in Fighting
 18485 | Orc:2    | Found a staircase to the Elven Halls.
 18817 | Orc:2    | Found Cogie's Magic Scroll Shop.
 18868 | Orc:2    | Received a gift from Okawaru
 18877 | Orc:2    | Got a pitted cloak {god gift}
 19015 | Orc:2    | Bought a scroll of remove curse for 51 gold pieces
 19017 | Orc:2    | Identified the +4 cloak of Shielding {rN+ rCorr} (Okawaru gifted it to you on level 2 of the Orcish Mines)
 19290 | Orc:2    | Bought an uncursed ring of see invisible for 165 gold pieces
 19290 | Orc:2    | Bought a +4 ring of slaying for 858 gold pieces
 19341 | Orc:1    | Bought an uncursed ring of flight for 262 gold pieces
 19602 | Lair:2   | Reached skill level 17 in Fighting
 21265 | Lair:3   | Reached skill level 18 in Fighting
 21438 | Lair:4   | Reached skill level 5 in Shields
 21752 | Lair:4   | Found a staircase to the Snake Pit.
 21820 | Lair:4   | Reached XP level 14. HP: 140/143 MP: 13/13
 22226 | Lair:4   | Found a staircase to the Swamp.
 22271 | Lair:4   | Received a gift from Okawaru
 22724 | Lair:5   | Noticed Shiggs's ghost (journeyman DrFi)
 22737 | Lair:5   | Killed Shiggs's ghost
 23126 | Lair:5   | Found a staircase to the Slime Pits.
 23127 | Lair:5   | Found a viscous altar of Jiyva.
 23258 | Lair:5   | Reached skill level 10 in Shields
 23409 | Lair:6   | Entered Level 6 of the Lair of Beasts
 23759 | Lair:6   | Received a gift from Okawaru
 23927 | Lair:6   | Noticed an entropy weaver
 23931 | Lair:6   | Noticed an entropy weaver
 24367 | Lair:6   | Killed an entropy weaver
 24437 | Lair:6   | Killed an entropy weaver
 24437 | Lair:6   | Received a gift from Okawaru
 24682 | Lair:6   | Got a polished cloak
 24831 | Lair:6   | Reached XP level 15. HP: 141/149 MP: 14/14
 24967 | Lair:6   | Reached skill level 15 in Shields
 25046 | Lair:6   | Got a slimy plate armour
 25760 | Lair:1   | Identified the +2 cloak "Tunayppihaa" {rF+ Stlth+} (You found it on level 6 of the Lair of Beasts)
 25781 | Lair:1   | Identified the +4 plate armour of Udaxyxkiq {MP+9} (You found it on level 6 of the Lair of Beasts)
 25900 | D:12     | Reached skill level 1 in Evocations
 25940 | D:12     | Found Adwogh's Jewellery Shop.
 26028 | D:12     | Bought the ring of Patufisk {+Fly MR+++ Dex+4 Stlth-} for 427 gold pieces
 26195 | D:12     | Received a gift from Okawaru
 26717 | D:13     | Noticed Snorg
 26729 | D:13     | Killed Snorg
 26732 | D:13     | Reached skill level 5 in Evocations
 27072 | D:13     | Found a gate to the Vaults.
 27299 | D:13     | Noticed Nessos
 27311 | D:13     | Killed Nessos
 27540 | D:13     | Received a gift from Okawaru
 27771 | D:13     | Identified the Reference Book on Flames
 28032 | D:13     | Received a gift from Okawaru
 28583 | D:14     | Reached skill level 19 in Fighting
 28717 | D:14     | Noticed Urug
 28727 | D:14     | Killed Urug
 28781 | D:14     | Reached XP level 16. HP: 160/160 MP: 20/20
 29578 | D:15     | Entered Level 15 of the Dungeon
 29990 | D:15     | Reached skill level 20 in Fighting
 30190 | D:15     | Found a staircase to the Depths.
 30204 | D:15     | Received a gift from Okawaru
 30820 | Snake:1  | Entered Level 1 of the Snake Pit
 31307 | Snake:1  | Reached skill level 21 in Fighting
 32519 | Snake:3  | Reached skill level 22 in Fighting
 32840 | Snake:3  | Received a gift from Okawaru
 33293 | Snake:3  | Reached XP level 17. HP: 174/178 MP: 21/21
 33361 | Snake:3  | Noticed Louise
 33391 | Snake:3  | Killed Louise
 34183 | Snake:4  | Entered Level 4 of the Snake Pit
 34274 | Snake:4  | Reached skill level 23 in Fighting
 34386 | Snake:4  | Found Sushrism's Weapon Shoppe.
 34416 | Snake:4  | Bought 7 curare-tipped needles for 92 gold pieces
 34422 | Snake:4  | Found a blossoming altar of Fedhas.
 34855 | Snake:4  | Reached skill level 24 in Fighting
 34864 | Snake:4  | Received a gift from Okawaru
 35992 | Snake:4  | Received a gift from Okawaru
 35992 | Snake:4  | Reached skill level 25 in Fighting
 36019 | Snake:4  | Got a serpentine rune of Zot
 36047 | Snake:4  | Reached XP level 18. HP: 170/194 MP: 22/22
 36628 | Swamp:1  | Entered Level 1 of the Swamp
 37496 | Swamp:2  | Received a gift from Okawaru
 37883 | Swamp:2  | Reached skill level 26 in Fighting
 38702 | Swamp:3  | Got a shimmering great sword
 39058 | Swamp:4  | Entered Level 4 of the Swamp
 39645 | Swamp:4  | Received a gift from Okawaru
 39785 | Swamp:4  | Reached skill level 27 in Fighting
 39948 | Swamp:4  | Got a decaying rune of Zot
 40536 | Depths:1 | Entered Level 1 of the Depths
 40755 | D:15     | Received a gift from Okawaru
 40898 | Depths:1 | Reached XP level 19. HP: 206/207 MP: 21/23
 40915 | Depths:1 | Found Yfext's Antique Weapon Shop.
 41085 | Depths:1 | Found a gateway to Hell.
 42395 | Depths:2 | Found a gateway to a ziggurat.
 42527 | Depths:2 | Received a gift from Okawaru
 43091 | Depths:2 | Noticed a Tzitzimitl
 43883 | Depths:2 | Killed a Tzitzimitl
 44093 | Depths:2 | Paralysed by a floating eye for 3 turns
 44905 | Depths:2 | Reached skill level 5 in Throwing
 45044 | Depths:2 | Identified the Handbook of Heat and the Voyage
 45220 | Depths:3 | Noticed Sojobo
 45242 | Depths:3 | Reached XP level 20. HP: 191/215 MP: 19/24
 45263 | Depths:3 | Killed Sojobo
 45263 | Depths:3 | Received a gift from Okawaru
 45402 | Depths:3 | Noticed Xtahua
 45414 | Depths:3 | Killed Xtahua
 45414 | Depths:3 | Received a gift from Okawaru
 45520 | Depths:3 | Noticed Jory
 45561 | Depths:3 | Killed Jory
 45929 | Depths:3 | Noticed Nikola
 45950 | Depths:3 | Killed Nikola
 45979 | Depths:3 | Killed from afar by an ogre mage

Skill      XL: |  1  2  3  4  5  6  7  8  9 10 11 12 13 14 15 16 17 18 19 20 |
---------------+-------------------------------------------------------------+-----
Long Blades    | 3 4 5 6 8 9 11 13 15 17 | 17.7
Armour         | 8 12 15 17 | 17.0
Fighting       | 9 14 18 19 22 25 27 | 27.0
Shields        | 6 14 15 | 15.6
Evocations     | 7 |  7.0
Throwing       | 6 9 |  9.5

Action                   |  1- 3 |  4- 6 |  7- 9 | 10-12 | 13-15 | 16-18 | 19-21 || total
-------------------------+-------+-------+-------+-------+-------+-------+-------++-------
Melee: Long sword        |    70 |   125 |   328 |   737 |       |       |       ||  1260
       Headbutt          |    10 |    26 |    80 |   225 |   416 |   654 |   444 ||  1855
       Scimitar          |       |       |       |   253 |  1460 |  1707 |  1098 ||  4518
 Fire: Blowgun           |       |       |     1 |       |       |       |       ||     1
Invok: Heroism           |       |       |     4 |     5 |    10 |     7 |     8 ||    34
 Abil: Evoke Flight      |       |       |       |       |     4 |     7 |     3 ||    14
Evoke: Wand              |       |       |       |       |       |     2 |     2 ||     4
  Use: Potion            |     1 |     2 |     2 |     6 |     1 |     4 |     5 ||    21
       Scroll            |       |     5 |     7 |    14 |    13 |    11 |     9 ||    59
 Stab: Distracted        |       |       |       |       |       |     1 |       ||     1
  Eat: Chunk             |     1 |     5 |    11 |    27 |    35 |    24 |    10 ||   113
       Fruit             |       |       |     4 |     2 |     4 |     4 |     2 ||    16
       Meat ration       |       |       |     1 |     1 |       |     1 |     1 ||     4
       Bread ration      |       |       |       |       |       |     2 |     1 ||     3
Armor: Scale mail        |    28 |    38 |    66 |       |       |       |       ||   132
       Plate armour      |       |       |    36 |   501 |   774 |   896 |   404 ||  2611
Dodge: Dodged            |    22 |    31 |    65 |   163 |   229 |   287 |   173 ||   970
       Deflected         |       |       |       |       |     1 |       |       ||     1
Block: Shield            |    44 |    55 |   112 |   518 |   964 |   656 |   498 ||  2847
       Buckler           |       |       |       |       |       |   342 |       ||   342
       Reflection        |       |       |       |       |       |    76 |     1 ||    77
       Large shield      |       |       |       |       |       |       |   162 ||   162
       Rpst.: Long sword |     4 |     6 |    17 |    30 |       |       |       ||    57
       Scimitar          |       |       |       |     7 |    50 |    49 |    28 ||   134
